Workbook

Sheet 12 x 36 diurno
A2: PLANILHA DE CUSTOS E FORMAÇÃO DE PREÇOS
A3: I - INFORMAÇÕES DA PRESTAÇÃO E SERVIÇOS: | B3: NUMERO | C3: POR EXTENSO
A4: A - Do Serviço:
A5: 01 - JORNADA DIÁRIA | B5: 12 | C5: 12 x 36 DIURNO
A6: 02 - ESCALA DE SERVIÇO | B6: - | C6: CFE TERMO DE REFERÊNCIA
A7: 03 - TOTAL DE HORAS MENSAIS | B7: 220 | C7: DUZENTAS E VINTE HORAS
A8: 04 - QUANTIDADE DE COLABORADORES NECESSÁRIOS | B8: 2 | C8: HUM
A11: B - Salário Normativo e Dados Complementares:
A12: 01 - SALÁRIO NORMATIVO DA CATEGORIA CFE CCT 220H | C12: 2105.4
A13: 02 - CATEGORIA PROFISSIONAL/ FUNÇÃO | C13: Vigilante
A14: 03 - SINDICATO PROFISSIONAL COMPETENTE | C14: SindiVigilantes do Sul
A15: 04 - DATA BASE DA CATEGORIA | C15: 45748
A16: 05 - N°. DISSIDIO DA CATEGORIA VIGENTE | C16: RS001064/2025
A18: II - REMUNEAÇÃO E ENCARGOS: | B18: Vlr / % / Hs | C18: POR COLABORADOR
A19: A - REMUNERAÇÃO
A20: 01 - Salário Base cfe Categoria | B20: =B7 -> 220 | C20: =C12/220*B20 -> 2105.4
A21: 02 - Adicional Insalubridade | B21: 0 | C21: =C12*B21% -> 0
A22: 03 - Adicional Periculosidade | B22: 30 | C22: =C20*B22% -> 631.62
A23: 04 - Adicional Noturno / Hora reduzida (20%) | B23: 0 | C23: =(((C20+C21+C22)/B20)*0.2)*B23 -> 0
A24: 05 - Adicional de Horas Extras (50%) | B24: 0 | C24: =((((C20+C21+C22)/B20)*1.5)*B24)+((B24/30*4)*(C20+C21+C22)/B20)*1.5 -> 0
A25: 06 - Adicional de Horas Extras (100%) | B25: 0 | C25: =(((C20+C21+C22)/B20)*2)*B25+((B25/30*4)*(C20+C21+C22)/B20)*2 -> 0
A26: 07 – Hora intevalar | B26: 0 | C26: 0
A27: TOTAL DA REMUNERAÇÃO (A) = | C27: =SUM(C20:C26) -> 2737.02
A29: B - ENCARGOS SOCIAIS BÁSICOS
A30: *Incidentes na Remuneração de acordo com enquadramento tributário
A31: 01 - PREVIDÊNCIA SOCIAL PATRONAL | B31: 0.2 | C31: =ROUND(C$27*B31,2) -> 547.4
A32: 02 - SESC | B32: 0.015 | C32: =ROUND(C$27*B32,2) -> 41.06
A33: 03 - SENAC | B33: 0.01 | C33: =ROUND(C$27*B33,2) -> 27.37
A34: 04 - INCRA | B34: 0.002 | C34: =ROUND(C$27*B34,2) -> 5.47
A35: 05 - SALÁRIO EDUCAÇÃO | B35: 0.025 | C35: =ROUND(C$27*B35,2) -> 68.43
A36: 06 - FGTS | B36: 0.08 | C36: =ROUND(C$27*B36,2) -> 218.96
A37: 07 - RAT Ajustado/FAP | B37: 0.015 | C37: =ROUND(C$27*B37,2) -> 41.06
A38: 08 - SEBRAE | B38: 0.006 | C38: =ROUND(C$27*B38,2) -> 16.42
A39: VALOR DOS ENCARGOS SOCIAIS: | B39: =SUM(B31:B38) -> 0.353 | C39: =TRUNC(SUM(C31:C38),2) -> 966.17
A41: C - DEMAIS ENCARGOS TRABALHISTAS
A42: *Incidentes sobre Remuneração
A43: Grupo "C.1"
A44: 01 - 13º Salário | B44: 0.0833 | C44: =ROUND(C$27*B44,2) -> 227.99
A45: 02 - Férias (1/12) | B45: 0.0833 | C45: =ROUND(C$27*B45,2) -> 227.99
A46: 03 – Abono de férias/Terço constitucional (1/3) | B46: 0.0278 | C46: =ROUND(C$27*B46,2) -> 76.09
A47: 04 - Auxílio Doença/Enfermidade | B47: 0.0166 | C47: =ROUND(C$27*B47,2) -> 45.43
A48: 05 - Licença paternidade/maternidade | B48: 0.001 | C48: =ROUND(C$27*B48,2) -> 2.74
A49: 06 -Ausências/Faltas legais | B49: 0.0028 | C49: =ROUND(C$27*B49,2) -> 7.66
A50: 07 - Acidente de trabalho | B50: 0.0003 | C50: =ROUND(C$27*B50,2) -> 0.82
A51: TOTAL DO GRUPO C.1 = | B51: =SUM(B44:B50) -> 0.2151 | C51: =ROUND(SUM(C44:C50),2) -> 588.72
A53: Grupo "C.2"
A54: 01 - Aviso Prévio Indenizado/Trabalhado | B54: 0.0069 | C54: =ROUND(C$27*B54,2) -> 18.89
A55: 02 - Indenização Adicional | B55: 0.0008 | C55: =ROUND(C$27*B55,2) -> 2.19
A56: 03 - Indenização FGTS 40% (Rescisão sem justa causa) | B56: 0.032 | C56: =ROUND(C$27*B56,2) -> 87.58
A57: TOTAL DO GRUPO C.2 = | B57: =SUM(B54:B56) -> 0.0397 | C57: =ROUND(SUM(C54:C56),2) -> 108.66
A59: Grupo "C.3"
A60: 01 - Incidência dos Encargos do Grupo "B" sobre os itens do Grupo "C.1". | B60: =1*B51*B39 -> 0.0759303 | C60: =ROUND(C27*B60,2) -> 207.82
A61: 02 – Incidência do FGTS exclusivamente sobre o aviso prévio indenizado | B61: 0.0001 | C61: =ROUND(C27*B61,2)/5 -> 0.054
A62: 03 – Incid FGTS s/ afast superior a 30 dias p/ acidente de trab/auxil doença. | B62: 0.0001 | C62: =ROUND(C27*B62,2)/5 -> 0.054
A63: TOTAL DO GRUPO C.3 = | B63: =SUM(B60:B62) -> 0.0761303 | C63: =ROUND(C$27*B63,2) -> 208.37
A65: VALOR DOS DEMAIS ENCARGOS TRABALHISTAS: (C.1+C.2+C.3) = | B65: =B63+B57+B51 -> 0.3309303 | C65: =C63+C57+C51 -> 905.75
A67: VALOR DA REMUNERAÇÃO MAIS ENCARGOS: ( A + B + C ) = | B67: =B65+B39 -> 0.6839303 | C67: =C27+C65+C39 -> 4608.94
A69: III - GASTOS EXTRAS: | B69: =B18 -> Vlr / % / Hs | C69: =C18 -> POR COLABORADOR
A70: 01 - (-)Desconto Vale Transporte | B70: 0.06 | C70: =-(B70*C20) -> -126.324
A71: 02 – Auxílio alimentação – De acordo com Convenção Coletiva (R$ 30,00) | B71: 15.2 | C71: =15.2*30 -> 456
A72: 03- (-) Desconto Auxílio alimentação – De acordo com Convenção Coletiva | B72: 0.2 | C72: =-(C71*B72) -> -91.2
A73: 04 – Assiduidade | C73: 80
A74: TOTAL DOS GASTOS EXTRAS | B74: - | C74: =SUM(C70:C73) -> 318.476
A76: VI - IMPOSTOS E TAXAS | B76: %
A77: 01 - PIS | B77: 0.0165 | C77: =SUM($C$67)*B77 -> 76.04751
A78: 02 - COFINS | B78: 0.076 | C78: =SUM($C$67)*B78 -> 350.27944
A79: 03 - ISS | B79: 0.02 | C79: =SUM($C$67)*B79 -> 92.1788
A80: 04 – SIMPLES | B80: 0 | C80: =SUM($C$67)*B80 -> 0
A81: TOTAL DOS IMPOSTOS E TAXAS | B81: =SUM(B77:B79) -> 0.1125 | C81: =SUM(C77:C80) -> 518.50575
A83: VII - QUADRO RESUMO COM O TOTAL DE GASTOS | B83: =B90 -> Vlr / % / Hs
A84: 01 - REMUNERAÇÃO E ENCARGOS | B84: - | C84: =C67 -> 4608.94
A85: 02 - GASTOS EXTRAS | B85: - | C85: =C74 -> 318.476
A86: 03 - IMPOSTOS E TAXAS | B86: - | C86: =C81 -> 518.50575
A88: VALOR TOTAL MÃO DE OBRA | C88: =SUM(C84:C87) -> 5445.9218
A90: EQUIPAMENTO/MATERIAIS/SEGUROS/OUTROS | B90: =B69 -> Vlr / % / Hs | C90: =C18 -> POR COLABORADOR
A91: 01 - uniformes - média de 03 por ano | B91: 500 | C91: =B91 -> 500
A92: 02 - equipamentos de proteção individual (Média) | B92: 100 | C92: =B92 -> 100
A93: 03 - treinamento e/ou reciclagem de pessoal | B93: 500 | C93: =B93 -> 500
A94: 04 – Vale-transporte (30 vales /mês) | B94: 6 | C94: =(B94*30) -> 180
A95: TOTAL DOS INSUMOS | C95: =SUM(C91:C94) -> 1280
A97: DEMAIS GASTOS | B97: =B90 -> Vlr / % / Hs
B98: 0 | C98: =B98 -> 0
B99: 0 | C99: =B99 -> 0
A100: TOTAL | C100: =SUM(C98:C99) -> 0
A102: V - LUCROS E DESPESAS ADMINISTRATIVAS | B102: % | C102: =C120 -> 0
A103: 01 - Despesas administrativas/operacionais | B103: 5 | C103: =ROUND(($C$67+C74+$C$95)*$B$103%,2) -> 310.37
A104: 02 – Lucro estimado | B104: 10 | C104: =ROUND(($C$67+$C$95+C74)*$B$104%,2) -> 620.74
A105: VALOR DOS LUCROS E DESPESAS ADMINISTRATIVAS | C105: =ROUND(SUM(C103:C104),2) -> 931.11
A106: VALOR TOTAL POR COLABORADOR | B106: 2 | C106: =(C88+C95+C100+C105)*B106 -> 15314.064

Sheet 12 x 36 Noturno
A2: PLANILHA DE CUSTOS E FORMAÇÃO DE PREÇOS
A3: I - INFORMAÇÕES DA PRESTAÇÃO E SERVIÇOS: | B3: NUMERO | C3: POR EXTENSO
A4: A - Do Serviço:
A5: 01 - JORNADA DIÁRIA | B5: 12 | C5: 12 x 36 NOTURNO
A6: 02 - ESCALA DE SERVIÇO | B6: - | C6: CFE TERMO DE REFERÊNCIA
A7: 03 - TOTAL DE HORAS MENSAIS | B7: 220 | C7: DUZENTAS E VINTE HORAS
A8: 04 - QUANTIDADE DE COLABORADORES NECESSÁRIOS | B8: 4 | C8: HUM
A11: B - Salário Normativo e Dados Complementares:
A12: 01 - SALÁRIO NORMATIVO DA CATEGORIA CFE CCT 220H | C12: ='12 x 36 diurno'!C12 -> 2105.4
A13: 02 - CATEGORIA PROFISSIONAL/ FUNÇÃO | C13: ='12 x 36 diurno'!C13 -> Vigilante
A14: 03 - SINDICATO PROFISSIONAL COMPETENTE | C14: ='12 x 36 diurno'!C14 -> SindiVigilantes do Sul
A15: 04 - DATA BASE DA CATEGORIA | C15: ='12 x 36 diurno'!C15 -> 45748
A16: 05 - N°. DISSIDIO DA CATEGORIA VIGENTE | C16: ='12 x 36 diurno'!C16 -> RS001064/2025
A18: II - REMUNEAÇÃO E ENCARGOS: | B18: Vlr / % / Hs | C18: POR COLABORADOR
A19: A - REMUNERAÇÃO
A20: 01 - Salário Base cfe Categoria | B20: 220 | C20: =C12/220*B20 -> 2105.4
A21: 02 - Adicional Insalubridade | B21: 0 | C21: =C12*B21% -> 0
A22: 03 - Adicional Periculosidade | B22: 30 | C22: =C20*B22% -> 631.62
A23: 04 - Adicional Noturno / Hora reduzida (20%) | B23: 120 | C23: =(((C20+C21+C22)/B20)*0.2)*B23 -> 298.584
A24: 05 - Adicional de Horas Extras (50%) | B24: 0 | C24: =((((C20+C21+C22)/B20)*1.5)*B24)+((B24/30*4)*(C20+C21+C22)/B20)*1.5 -> 0
A25: 06 - Adicional de Horas Extras (100%) | B25: 0 | C25: =(((C20+C21+C22)/B20)*2)*B25+((B25/30*4)*(C20+C21+C22)/B20)*2 -> 0
A26: 07 – Hora intevalar | B26: 0 | C26: =(((C20+C22+C23)/B7)*1.5)*(15/2) -> 155.22975
A27: TOTAL DA REMUNERAÇÃO (A) = | C27: =SUM(C20:C26) -> 3190.8337
A29: B - ENCARGOS SOCIAIS BÁSICOS
A30: *Incidentes na Remuneração de acordo com enquadramento tributário
A31: 01 - PREVIDÊNCIA SOCIAL PATRONAL | B31: 0.2 | C31: =ROUND(C$27*B31,2) -> 638.17
A32: 02 - SESC | B32: 0.015 | C32: =ROUND(C$27*B32,2) -> 47.86
A33: 03 - SENAC | B33: 0.01 | C33: =ROUND(C$27*B33,2) -> 31.91
A34: 04 - INCRA | B34: 0.002 | C34: =ROUND(C$27*B34,2) -> 6.38
A35: 05 - SALÁRIO EDUCAÇÃO | B35: 0.025 | C35: =ROUND(C$27*B35,2) -> 79.77
A36: 06 - FGTS | B36: 0.08 | C36: =ROUND(C$27*B36,2) -> 255.27
A37: 07 - RAT Ajustado/FAP | B37: 0.015 | C37: =ROUND(C$27*B37,2) -> 47.86
A38: 08 - SEBRAE | B38: 0.006 | C38: =ROUND(C$27*B38,2) -> 19.15
A39: VALOR DOS ENCARGOS SOCIAIS: | B39: =SUM(B31:B38) -> 0.353 | C39: =TRUNC(SUM(C31:C38),2) -> 1126.37
A41: C - DEMAIS ENCARGOS TRABALHISTAS
A42: *Incidentes sobre Remuneração
A43: Grupo "C.1"
A44: 01 - 13º Salário | B44: 0.0833 | C44: =ROUND(C$27*B44,2) -> 265.8
A45: 02 - Férias (1/12) | B45: 0.0833 | C45: =ROUND(C$27*B45,2) -> 265.8
A46: 03 – Abono de férias/Terço constitucional (1/3) | B46: 0.0278 | C46: =ROUND(C$27*B46,2) -> 88.71
A47: 04 - Auxílio Doença/Enfermidade | B47: 0.0166 | C47: =ROUND(C$27*B47,2) -> 52.97
A48: 05 - Licença paternidade/maternidade | B48: 0.001 | C48: =ROUND(C$27*B48,2) -> 3.19
A49: 06 -Ausências/Faltas legais | B49: 0.0028 | C49: =ROUND(C$27*B49,2) -> 8.93
A50: 07 - Acidente de trabalho | B50: 0.0003 | C50: =ROUND(C$27*B50,2) -> 0.96
A51: TOTAL DO GRUPO C.1 = | B51: =SUM(B44:B50) -> 0.2151 | C51: =ROUND(SUM(C44:C50),2) -> 686.36
A53: Grupo "C.2"
A54: 01 - Aviso Prévio Indenizado/Trabalhado | B54: 0.0069 | C54: =ROUND(C$27*B54,2) -> 22.02
A55: 02 - Indenização Adicional | B55: 0.0008 | C55: =ROUND(C$27*B55,2) -> 2.55
A56: 03 - Indenização FGTS 40% (Rescisão sem justa causa) | B56: 0.032 | C56: =ROUND(C$27*B56,2) -> 102.11
A57: TOTAL DO GRUPO C.2 = | B57: =SUM(B54:B56) -> 0.0397 | C57: =ROUND(SUM(C54:C56),2) -> 126.68
A59: Grupo "C.3"
A60: 01 - Incidência dos Encargos do Grupo "B" sobre os itens do Grupo "C.1". | B60: =1*B51*B39 -> 0.0759303 | C60: =ROUND(C27*B60,2) -> 242.28
A61: 02 – Incidência do FGTS exclusivamente sobre o aviso prévio indenizado | B61: 0.0001 | C61: =ROUND(C27*B61,2)/5 -> 0.064
A62: 03 – Incid FGTS s/ afast superior a 30 dias p/ acidente de trab/auxil doença. | B62: 0.0001 | C62: =ROUND(C27*B62,2)/5 -> 0.064
A63: TOTAL DO GRUPO C.3 = | B63: =SUM(B60:B62) -> 0.0761303 | C63: =ROUND(C$27*B63,2) -> 242.92
A65: VALOR DOS DEMAIS ENCARGOS TRABALHISTAS: (C.1+C.2+C.3) = | B65: =B63+B57+B51 -> 0.3309303 | C65: =C63+C57+C51 -> 1055.96
A67: VALOR DA REMUNERAÇÃO MAIS ENCARGOS: ( A + B + C ) = | B67: =B65+B39 -> 0.6839303 | C67: =C27+C65+C39 -> 5373.1637
A69: III - GASTOS EXTRAS: | B69: =B18 -> Vlr / % / Hs | C69: =C18 -> POR COLABORADOR
A70: 01 - (-)Desconto Vale Transporte | B70: 0.06 | C70: =-(B70*C20) -> -126.324
A71: 02 – Auxílio alimentação – De acordo com Convenção Coletiva (R$ 30,00) | B71: 15.2 | C71: =15.2*30 -> 456
A72: 03- (-) Desconto Auxílio alimentação – De acordo com Convenção Coletiva | B72: 0.2 | C72: =-(C71*B72) -> -91.2
A73: 04 – Assiduidade | C73: 80
A74: TOTAL DOS GASTOS EXTRAS | B74: - | C74: =SUM(C70:C73) -> 318.476
A76: VI - IMPOSTOS E TAXAS | B76: %
A77: 01 - PIS | B77: 0.0165 | C77: =SUM($C$67)*B77 -> 88.657202
A78: 02 - COFINS | B78: 0.076 | C78: =SUM($C$67)*B78 -> 408.36045
A79: 03 - ISS | B79: 0.02 | C79: =SUM($C$67)*B79 -> 107.46327
A80: 04 – SIMPLES | B80: 0 | C80: =SUM($C$67)*B80 -> 0
A81: TOTAL DOS IMPOSTOS E TAXAS | B81: =SUM(B77:B79) -> 0.1125 | C81: =SUM(C77:C80) -> 604.48092
A83: VII - QUADRO RESUMO COM O TOTAL DE GASTOS | B83: =B90 -> Vlr / % / Hs
A84: 01 - REMUNERAÇÃO E ENCARGOS | B84: - | C84: =C67 -> 5373.1637
A85: 02 - GASTOS EXTRAS | B85: - | C85: =C74 -> 318.476
A86: 03 - IMPOSTOS E TAXAS | B86: - | C86: =C81 -> 604.48092
A88: VALOR TOTAL MÃO DE OBRA | C88: =SUM(C84:C87) -> 6296.1207
A90: EQUIPAMENTO/MATERIAIS/SEGUROS/OUTROS | B90: =B69 -> Vlr / % / Hs | C90: =C18 -> POR COLABORADOR
A91: 01 - uniformes - média de 03 por ano | B91: 500 | C91: =B91 -> 500
A92: 02 - equipamentos de proteção individual (Média) | B92: 100 | C92: =B92 -> 100
A93: 03 - treinamento e/ou reciclagem de pessoal | B93: 500 | C93: =B93 -> 500
A94: 04 – Vale-transporte (30 vales /mês) | B94: 6 | C94: =(B94*30) -> 180
A95: TOTAL DOS INSUMOS | C95: =SUM(C91:C94) -> 1280
A97: EQUIPAMENTO/MATERIAIS/SEGUROS | B97: =B90 -> Vlr / % / Hs
B98: 0 | C98: =B98 -> 0
B99: 0 | C99: =B99 -> 0
A100: TOTAL | C100: =SUM(C98:C99) -> 0
A102: V - LUCROS E DESPESAS ADMINISTRATIVAS | B102: % | C102: =C120 -> 0
A103: 01 - Despesas administrativas/operacionais | B103: 5 | C103: =ROUND(($C$67+C74+$C$95)*$B$103%,2) -> 348.58
A104: 02 – Lucro estimado | B104: 10 | C104: =ROUND(($C$67+$C$95+C74)*$B$104%,2) -> 697.16
A105: VALOR DOS LUCROS E DESPESAS ADMINISTRATIVAS | C105: =ROUND(SUM(C103:C104),2) -> 1045.74
A106: VALOR TOTAL POR COLABORADOR | B106: 4 | C106: =(C88+C95+C100+C105)*B106 -> 34487.443
